 Dungeon Crawl Stone Soup version 0.19-a0-1673-g1c1b307 (webtiles) character file.

4021 qqqbard the Grappler (level 10, -6/98 HPs)
             Began as a Troll Monk on Sept 22, 2016.
             Mangled by a killer bee (8 damage)
             ... on level 7 of the Dungeon.
             The game lasted 00:16:45 (5778 turns).

qqqbard the Grappler (Troll Monk)                   Turns: 5778, Time: 00:16:45

Health: -6/98      AC:  7    Str: 22    XL:     10   Next: 3%
Magic:  9/9        EV: 14    Int:  6    God:
Gold:   541        SH:  0    Dex: 14    Spells: 0 memorised, 9 levels left

rFire  x . .     SeeInvis .       - Unarmed
rCold  + . .     Gourm    +     E - +2 robe of Baifezan {rF- rN+ rCorr}
rNeg   + . .     Faith    .     (no shield)
rPois  .         Spirit   .     (helmet restricted)
rElec  .         Dismiss  .     (no cloak)
rCorr  +         Reflect  .     (gloves unavailable)
MR     .....     Harm     .     (boots unavailable)
Stlth  +++.......               (no amulet)
                                y - ring of stealth
                                n - ring of protection from cold

@: very slightly contaminated
A: unfitting armour, claws 3, fast metabolism 3, gourmand, regeneration 1,
shaggy fur 1, tough skin 2
a: no special abilities


You were on level 7 of the Dungeon.
You were completely stuffed.

You visited 2 branches of the dungeon, and saw 8 of its levels.
You also visited: Sewer.

You collected 541 gold pieces.

Inventory:

Armour
 a - a +0 robe
 E - the +2 robe of Baifezan (worn) {rF- rN+ rCorr}
   (You found it on level 7 of the Dungeon)

   It makes you vulnerable to fire.
   It protects you from negative energy.
   It protects you from acid and corrosion.
Jewellery
 n - a ring of protection from cold (left claw)
 y - a ring of stealth (right claw)
 H - an uncursed ring of see invisible {unknown}
Wands
 A - a wand of flame (33/48)
 B - a wand of paralysis (9/24)
Scrolls
 c - 2 scrolls of remove curse
 f - 2 scrolls of immolation {unknown}
 h - a scroll of identify
 k - 3 scrolls of recharging {unknown}
 l - 4 scrolls of teleportation {unknown}
 m - 3 scrolls of random uselessness {unknown}
 t - a scroll of noise
 x - a scroll of enchant armour {unknown}
 z - 3 scrolls of amnesia {unknown}
 C - a scroll of vulnerability {unknown}
 I - a scroll of fog {unknown}
Potions
 d - a potion of degeneration {unknown}
 g - a potion of invisibility {unknown}
 j - a potion of experience {unknown}
 p - 2 potions of curing
 r - 3 potions of lignification
 u - 2 potions of flight {unknown}
 v - 3 potions of might
 D - a potion of cure mutation {unknown}
Books
 w - a book of Power

   Spells                             Type                      Level
   a - Fulminant Prism                Conjuration/Hexes            4
   b - Iskenderun's Mystic Blast      Conjuration                  4
   c - Venom Bolt                     Conjuration/Poison           5
   d - Bolt of Magma                  Conjuration/Fire/Earth       5
   e - Iron Shot                      Conjuration/Earth            6
   f - Orb of Destruction             Conjuration                  7
   g - Spellforged Servitor           Conjuration/Summoning        7
 G - a book of Summonings

   Spells                             Type                      Level
   a - Recall                         Summoning/Translocation      3
   b - Aura of Abjuration             Summoning                    5
   c - Summon Demon                   Summoning                    5
   d - Summon Forest                  Summoning/Translocation      5
   e - Summon Mana Viper              Hexes/Summoning              5
   f - Shadow Creatures               Summoning                    6
Comestibles
 b - 5 bread rations
 i - 9 fruits
 o - 2 beef jerkies
 q - 3 meat rations
 s - 2 slices of pizza
 F - 4 chunks of flesh


   Skills:
 + Level 6.3 Fighting
 + Level 7.5 Dodging
 - Level 1.1 Stealth
 * Level 10.1 Unarmed Combat


You had 9 spell levels left.
You didn't know any spells.

Dungeon Overview and Level Annotations

Branches:
Dungeon (7/15)             Temple (1/1) D:4

Altars:
Ashenzari
Dithmenos
Elyvilon
Fedhas
Gozag
Hepliaklqana
Kikubaaqudgha
Makhleb
Nemelex Xobeh
Okawaru
Qazlal
Ru
Sif Muna
Trog
Uskayaw
Vehumet
Xom
Yredelemnul
Zin
The Shining One

Annotations:
D:6 2 runed doors


Innate Abilities, Weirdness & Mutations

You are too large for most types of armour.
You have claws for hands.
Your metabolism is lightning-fast.
You like to eat raw meat.
Your natural rate of healing is unusually fast.
You are covered in fur. (AC +1)
You have very tough skin. (AC +2)


Message History

You feel sick. The killer bee barely misses you.
You miss the killer bee. Your claw misses the killer bee.
You feel sick. The killer bee closely misses you.
You miss the killer bee.
You feel sick. The killer bee closely misses you.
The killer bee barely misses you.
You claw the killer bee!
The killer bee is almost dead.
You feel sick.
The killer bee stings you but does no damage.
The killer bee stings you.
* * * LOW HITPOINT WARNING * * *
You are lethally poisoned!
The killer bee poisons you!
You feel better. The killer bee stings you!
* * * LOW HITPOINT WARNING * * *
The killer bee closely misses you.
You feel better. The killer bee stings you!
* * * LOW HITPOINT WARNING * * *
The killer bee stings you!
You die...

.....#.......##..#
.....#.......##..##
....##.......##...#
.#.####.###.####..#
.#.# #.# .##....###
.#.# #.#
#.........# ...#
#.####.#.#.##.#
####
#.#......#.##.# .#
#.#....###@##.# .#
#.......##y##.#
.###
###......##....#
.#..
.........##.####
##.# ##?........#
#.####$.....#.#.#
##....#....y.#...#
....# #......+...#
....# #$.....#...#


You could see a killer bee.

Vanquished Creatures
  A hill giant (D:6)
  A gargoyle (D:6)
  The ghost of qqqbard the Cudgeler, an amateur OgHu of Okawaru (D:5)
  A two-headed ogre (D:6)
  Grinder (D:3)
  An ice beast (D:5)
  A black bear (D:7)
  A necrophage (D:6)
  A centaur (D:5)
  3 ogres
  6 big kobolds (Sewer)
  A gnoll sergeant (D:5)
  3 bullfrogs (D:6)
  A scorpion (D:4)
  2 wyvern skeletons (D:6)
  4 killer bees (D:7)
  A crimson imp (D:5)
  A jelly (D:5)
  A centaur skeleton (D:7)
  A bullfrog skeleton (D:4)
  2 orc priests
  4 orc wizards
  A gnoll shaman (D:4)
  3 iguanas
  6 worker ants
  11 gnolls
  14 adders
  2 river rats (Sewer)
  2 shadow imps (D:6)
  4 oozes
  7 worms
  4 dart slugs
  5 leopard geckos
  27 orcs
  11 bats
  5 giant cockroaches
  6 goblins
  4 hobgoblins
  12 jackals
  10 kobolds
  6 quokkas
  4 ball pythons (Sewer)
  10 frilled lizards
  A jackal zombie (D:6)
  A quokka skeleton (D:4)
  7 rats
202 creatures vanquished.

Notes
Turn   | Place    | Note
-------+----------+-------------------------------------------
     0 | D:1      | qqqbard the Troll Monk began the quest for the Orb.
     0 | D:1      | Reached XP level 1. HP: 22/22 MP: 0/0
   338 | D:1      | Reached XP level 2. HP: 29/29 MP: 1/1
   546 | D:1      | Reached XP level 3. HP: 36/36 MP: 2/2
  1296 | D:2      | Reached XP level 4. HP: 44/44 MP: 3/3
  1319 | D:2      | You fall through a shaft!
  1757 | D:3      | Reached skill level 4 in Unarmed Combat
  1763 | D:3      | Reached XP level 5. HP: 44/53 MP: 4/4
  1765 | D:3      | Noticed Grinder
  1779 | D:3      | Killed Grinder
  1779 | D:3      | Reached XP level 6. HP: 27/61 MP: 5/5
  2267 | D:4      | Reached skill level 5 in Unarmed Combat
  2436 | D:4      | Found a staircase to the Ecumenical Temple.
  2515 | D:4      | Reached XP level 7. HP: 61/68 MP: 6/6
  2756 | Temple   | Entered the Ecumenical Temple
  2961 | D:5      | Entered Level 5 of the Dungeon
  3006 | D:5      | Reached skill level 5 in Dodging
  3146 | D:5      | Noticed qqqbard's ghost (amateur OgHu)
  3156 | D:5      | Reached skill level 6 in Unarmed Combat
  3181 | D:5      | Killed qqqbard's ghost
  3181 | D:5      | Reached XP level 8. HP: 54/79 MP: 7/7
  3425 | D:5      | Found a glowing golden altar of the Shining One.
  3566 | D:5      | Reached skill level 7 in Unarmed Combat
  3890 | D:6      | Found an ancient bone altar of Kikubaaqudgha.
  3890 | D:6      | Found a hide-covered altar of Uskayaw.
  3891 | D:6      | Found an iron altar of Okawaru.
  3957 | D:6      | Found a glowing drain.
  3969 | Sewer    | Entered a sewer
  4092 | Sewer    | Reached skill level 5 in Fighting
  4424 | Sewer    | Reached skill level 8 in Unarmed Combat
  4441 | Sewer    | Reached XP level 9. HP: 78/88 MP: 8/8
  4746 | D:6      | Found a large runed door.
  4746 | D:6      | Found a large runed door.
  4869 | D:6      | Noticed a hill giant
  4870 | D:6      | Found a large runed door.
  4870 | D:6      | Found a large runed door.
  4889 | D:6      | Killed a hill giant
  4889 | D:6      | Reached skill level 9 in Unarmed Combat
  5296 | D:6      | Found a sparkling altar of Nemelex Xobeh.
  5385 | D:7      | Got an ominously black robe
  5396 | D:7      | Identified the +2 robe of Baifezan {rF- rN+ rCorr} (You found it on level 7 of the Dungeon)
  5472 | D:6      | Noticed a gargoyle
  5478 | D:6      | Killed a gargoyle
  5591 | D:7      | Reached skill level 10 in Unarmed Combat
  5752 | D:7      | Reached XP level 10. HP: 88/98 MP: 9/9
  5776 | D:7      | HP: 3/98 [killer bee (2)]
  5777 | D:7      | HP: 1/98 [killer bee (9)]
  5778 | D:7      | Mangled by a killer bee

Vault maps used:
D:1:      lightli_arrival_flooded_house, grunt_decor_clamped, minmay_quantized
D:2:      first_bread, minmay_misc_feat_diagonals
D:3:      st_stairs_8, uniq_grinder
D:5:      tso_altar
D:6:      nicolae_overflow_hidden_temple, grunt_temple_overflow_open,
          portal_sewer_entry_d, minmay_hollow_rounded_squares
Temple:   eino_temple_scatter_basement
Sewer:    sewer_co_tree

Skill      XL: |  1  2  3  4  5  6  7  8  9 |
---------------+----------------------------+-----
Dodging        | 3 4 5 6 7 |  7.5
Fighting       | 3 4 5 6 |  6.3
Unarmed Combat | 4 5 6 8 10 | 10.1
Stealth        | |  1.1

Action                   |  1- 3 |  4- 6 |  7- 9 | 10-12 || total
-------------------------+-------+-------+-------+-------++-------
Melee: Unarmed           |    93 |   118 |   333 |    18 ||   562
       Punch             |     3 |     1 |     9 |       ||    13
  Use: Scroll            |       |     2 |     5 |     1 ||     8
       Potion            |       |       |     5 |     3 ||     8
 Stab: Sleeping          |     2 |     2 |    17 |       ||    21
  Eat: Chunk             |    17 |    12 |    31 |       ||    60
Armor: Robe              |    30 |    43 |    63 |     7 ||   143
Dodge: Dodged            |    54 |    56 |   193 |    23 ||   326
